cohdb
Replays
Latest Replays
All Replays
Popular Replays
Top Player Replays
Match Explorer
How It Works
Community
CoH3 Stats
Reddit
Sign in to upload your games and track your stats! →
Sign in with Steam
Match 45691782
Unlisted
Match 45691782
Overview
Messages
Build Orders
End
Construct Infanterie Kompanie
Grenadier Squad
Grenadier Squad
Grenadier Squad
Grenadier Squad
Construct Luftwaffe Kompanie
Jäger Squad
Flak 30 Anti-aircraft Gun Team
Support Elements
Wirbelwind Flakpanzer
Wirbelwind Flakpanzer
Selects Breakthrough Battlegroup
Selects Assault Grenadiers
Selects Rapid Production
Selects Blitzkrieg
Jäger Squad
Selects Tiger Heavy Tank
Tiger Heavy Tank
Pioneer Squad
Selects Smoke Bombing Run
Selects Incendiary Bombing Run
Incendiary Bombing Run
Jäger Squad
カルト_くん
Rommel
Olg
rocketpossum
0
0
Comments
sign in to comment!
No comments posted yet!